Map: Para Site LE

Players

Lambo - Winner!

  • Race: Zerg Zerg
  • League: Grandmaster
  • Spawn Location: 11:00

Clem

  • Race: Terran Terran
  • League: Grandmaster
  • Spawn Location: 5:00

VOD

Have the link to the VOD?

Description

Time

  • Played on: Dec. 15, 2018, 12:30 p.m.
  • Length: 17:54
Show
View Real Time Build Order
Export as new Build Order

Lambo Zerg - Winner!

Build Orders: Hatch First 

Get SALT Encoding   

  12  0:00  Drone  
  13  0:12  Overlord  
  13  0:17  Drone  
  14  0:31  Drone x2  
  16  0:49  Hatchery  
  15  0:51  Drone  
  15  0:55  Drone  
  17  0:58  Drone  
  18  1:09  Extractor  
  17  1:13  Spawning Pool  
  17  1:17  Drone  
  17  1:20  Drone  
  18  1:28  Drone  
  19  1:39  Drone  
  20  1:51  Overlord  
  20  2:00  Queen x2  
  24  2:01  Zergling x4  
  26  2:12  Metabolic Boost  
  26  2:13  Drone x2  
  28  2:22  Drone  
  29  2:26  Drone  
  30  2:35  Drone  
  31  2:41  Hatchery  
  31  2:43  Drone  
  31  2:47  Pneumatized Carapace  
  31  2:50  Drone  
  32  2:55  Overlord  
  32  2:58  Drone  
  33  3:02  Drone  
  34  3:06  Drone  
  34  3:08  Drone  
  36  3:14  Drone  
  36  3:15  Queen, Drone  
  36  3:18  Overlord  
  40  3:22  Drone  
  40  3:24  Drone  
  42  3:29  Drone  
  43  3:36  Queen  
  43  3:39  Drone  
  43  3:40  Drone  
  47  3:50  Drone  
  47  3:51  Zergling x6  
  47  3:52  Queen  
  53  3:55  Overlord  
  53  3:56  Drone  
  53  4:00  Overlord  
  54  4:04  Queen, Overlord  
  54  4:06  Drone  
  57  4:10  Overlord  
  57  4:15  Drone x3  
  57  4:16  Drone  
  61  4:21  Lair  
  61  4:22  Overlord  
  61  4:23  Drone  
  62  4:28  Roach Warren  
  62  4:31  Spore Crawler, Zergling x2  
  62  4:34  Overlord  
  60  4:43  Drone x3  
  60  4:44  Spore Crawler, Drone x2  
  60  4:45  Drone  
  64  4:47  Drone  
  64  4:50  Queen  
  67  4:54  Overlord, Extractor x2  
  67  4:59  Drone x2  
  67  5:02  Spore Crawler  
  67  5:03  Drone x2  
  68  5:07  Drone x3  
  68  5:10  Roach  
  70  5:19  Roach x2  
  70  5:20  Drone x4  
  77  5:26  Drone x4  
  81  5:29  Roach  
  81  5:33  Spore Crawler  
  87  5:42  Roach x2  
  87  5:43  Roach  
  82  5:54  Drone x4  
  80  5:57  Drone x3  
  80  6:00  Drone  
  80  6:03  Drone  
  83  6:06  Drone x2  
  83  6:10  Drone  
  83  6:11  Drone  
  86  6:14  Drone x2  
  86  6:15  Extractor  
  86  6:16  Extractor  
  86  6:17  Extractor  
  83  6:19  Spire, Drone  
  83  6:28  Queen x2  
  83  6:29  Drone  
  83  6:30  Hatchery  
  87  6:33  Evolution Chamber  
  87  6:36  Drone x2  
  87  6:37  Evolution Chamber  
  87  6:39  Drone x2  
  89  6:44  Glial Reconstitution  
  89  6:45  Drone x2  
  89  6:46  Drone  
  92  6:49  Drone x2  
  98  6:54  Roach x2  
  98  7:00  Zerg Missile Weapons Level 1  
  98  7:02  Spore Crawler  
  98  7:05  Roach x5  
  105  7:09  Overlord  
  105  7:13  Drone x2  
  101  7:18  Drone  
  101  7:19  Drone x2  
  101  7:22  Drone x2  
  99  7:23  Drone  
  99  7:28  Drone x2  
  99  7:29  Zerg Ground Armor Level 1  
  102  7:32  Zerg Flyer Armor Level 1  
  102  7:39  Corruptor x3  
  108  7:45  Corruptor x2  
  108  7:47  Extractor, Drone x2  
  113  7:55  Corruptor x2  
  117  8:02  Drone x3  
  120  8:07  Overlord x2  
  118  8:17  Overlord  
  118  8:18  Overlord  
  118  8:23  Overlord  
  118  8:29  Drone x4  
  118  8:32  Extractor  
  121  8:39  Corruptor x3  
  121  8:41  Infestation Pit  
  126  8:42  Roach x9  
  126  8:43  Ravager x3  
  147  8:53  Drone x3  
  150  9:00  Corruptor x2  
  154  9:05  Zerg Missile Weapons Level 2  
  154  9:06  Hatchery  
  153  9:12  Spine Crawler x2  
  153  9:13  Drone x2  
  153  9:14  Drone  
  153  9:15  Spine Crawler, Drone  
  154  9:19  Corruptor x2  
  158  9:30  Drone x2  
  158  9:31  Drone  
  160  9:36  Drone  
  160  9:37  Drone x2  
  158  9:38  Hive  
  158  9:39  Zerg Flyer Weapons Level 1  
  158  9:40  Zerg Ground Armor Level 2  
  158  9:43  Drone  
  158  9:47  Pathogen Glands  
  158  9:48  Extractor  
  158  9:49  Roach  
  158  9:50  Ravager  
  160  9:55  Overlord  
  160  9:56  Overlord  
  160  10:02  Overlord  
  160  10:06  Overlord  
  160  10:07  Overlord, Extractor  
  160  10:08  Burrow  
  160  10:09  Overlord  
  160  10:10  Overlord  
  155  10:16  Infestor x2  
  159  10:22  Corruptor x2  
  159  10:24  Overlord  
  159  10:26  Roach x7  
  175  10:44  Drone x5  
  175  10:45  Spine Crawler, Drone x8  
  175  10:47  Drone x3  
  175  10:48  Drone x2  
  187  10:50  Infestor  
  187  10:55  Overseer  
  188  10:59  Infestor  
  188  11:00  Infestor x2  
  194  11:07  Spine Crawler  
  194  11:10  Spine Crawler  
  192  11:13  Infestor x2  
  192  11:14  Infestor  
  198  11:22  Overlord  
  198  11:27  Zerg Melee Weapons Level 1  
  198  11:30  Infestor  
  200  11:51  Extractor  
  199  11:54  Hatchery, Ravager x2  
  199  11:57  Extractor, Greater Spire  
  199  11:59  Spire  
  199  12:00  Spine Crawler  
  197  12:05  Infestor  
  197  12:07  Overseer  
  199  12:16  Neural Parasite  
  199  12:19  Zerg Missile Weapons Level 3  
  199  13:01  Adrenal Glands  
  199  13:02  Baneling Nest  
  198  13:29  Zerg Melee Weapons Level 2  
  198  13:30  Zerg Flyer Weapons Level 2  
  198  13:31  Zerg Flyer Armor Level 2  
  198  13:33  Drone x3  
  200  13:53  Centrifical Hooks  
  198  13:55  Drone  
  198  13:56  Drone x2  
  199  14:06  Spore Crawler x2  
  199  14:07  Spore Crawler x4  
  199  14:08  Spore Crawler  
  199  14:09  Spore Crawler x3  
  189  14:10  Spore Crawler x2  
  189  14:12  Spore Crawler x3  
  189  14:13  Spore Crawler x3  
  189  14:14  Spore Crawler  
  189  14:15  Corruptor x6  
  189  14:16  Corruptor x3  
  198  14:17  Infestor  
  217  14:38  Overseer  
  207  14:41  Overseer x4  
  207  14:49  Overlord x7, Hatchery  
  180  15:15  Infestor x2  
  180  15:16  Infestor x4  
  192  15:25  Infestor x2  
  192  15:27  Overlord x3  
  196  16:05  Spine Crawler  
  196  16:06  Spine Crawler x2  
  196  16:10  Spine Crawler  
  168  16:33  Brood Lord x9  
  168  16:34  Brood Lord, Corruptor x6  
  196  16:56  Corruptor x8  
  200  17:02  Overseer  
  200  17:03  Overseer x3  
  200  17:04  Overlord  
Show
View Real Time Build Order
Export as new Build Order

Clem Terran 

Build Orders: Command Center First (CC), Liberator Opening 

Get SALT Encoding   

  12  0:00  SCV  
  13  0:13  SCV  
  14  0:16  Supply Depot  
  14  0:25  SCV  
  15  0:38  SCV  
  16  0:50  SCV  
  17  0:58  Command Center  
  17  1:02  SCV  
  18  1:11  Barracks  
  18  1:16  SCV  
  19  1:20  Refinery  
  19  1:28  SCV  
  19  1:31  Refinery  
  20  1:40  SCV  
  22  1:58  Marine  
  22  2:00  Orbital Command  
  22  2:10  Orbital Command  
  22  2:11  Factory  
  22  2:19  Barracks Reactor  
  22  2:26  SCV  
  23  2:37  SCV  
  23  2:39  SCV  
  25  2:52  SCV x2  
  25  2:57  Starport  
  27  3:01  Hellion x2  
  27  3:03  Barracks Tech Lab  
  27  3:04  SCV x2  
  33  3:06  Supply Depot  
  33  3:16  SCV x2  
  35  3:23  Hellion  
  35  3:24  Liberator  
  37  3:28  Hellion  
  37  3:29  SCV x2  
  37  3:31  Supply Depot  
  37  3:32  Marine  
  42  3:37  Fusion Core  
  45  3:41  SCV  
  45  3:44  Refinery  
  46  3:52  SCV  
  46  3:53  Hellion x2  
  46  3:54  SCV  
  52  4:01  Supply Depot  
  52  4:03  Supply Depot  
  52  4:09  SCV x2  
  54  4:22  SCV x2  
  56  4:27  Battlecruiser  
  56  4:29  Hellion x2  
  66  4:34  SCV  
  66  4:36  Supply Depot  
  67  4:46  Command Center  
  67  4:50  Weapon Refit  
  67  4:55  SCV x2  
  69  5:01  Hellion x2  
  73  5:07  SCV x2  
  73  5:11  Armory  
  73  5:12  Barracks Tech Lab  
  75  5:15  Refinery  
  75  5:19  SCV  
  76  5:22  Hellion  
  76  5:28  Supply Depot x2  
  78  5:48  SCV x2  
  78  5:49  Battlecruiser  
  85  5:50  Hellion  
  77  5:57  Factory  
  77  5:58  Factory  
  77  6:00  SCV x2  
  77  6:01  SCV  
  78  6:05  Hellion  
  78  6:11  Hellion  
  76  6:12  SCV x2  
  76  6:17  Orbital Command  
  78  6:23  Terran Vehicle And Ship Armor Level 1  
  78  6:24  Armory  
  78  6:29  SCV x2  
  80  6:34  Hellion x2  
  80  6:35  Barracks Tech Lab  
  84  6:41  Supply Depot  
  84  6:42  Orbital Command  
  84  6:47  SCV  
  84  6:48  SCV, Supply Depot  
  84  6:50  Supply Depot  
  86  6:57  Battlecruiser  
  92  7:02  Hellion x2  
  92  7:06  Mag-Field Accelerator  
  92  7:07  Cyclone  
  99  7:10  SCV  
  99  7:12  SCV  
  99  7:16  SCV  
  99  7:20  Cyclone  
  99  7:22  SCV  
  96  7:24  Hellion x2  
  96  7:25  Refinery x2  
  98  7:30  Supply Depot  
  98  7:31  Supply Depot  
  98  7:37  Barracks Tech Lab  
  98  7:38  SCV  
  98  7:39  Factory x2, SCV  
  98  7:42  SCV  
  101  7:45  Hellion  
  101  7:47  Hellion  
  101  7:48  Supply Depot  
  101  7:50  Infernal Pre-Igniter  
  105  7:58  SCV, Cyclone  
  108  8:00  SCV x2  
  111  8:08  Hellion x2  
  111  8:09  Cyclone  
  118  8:14  SCV x3  
  121  8:23  Command Center  
  115  8:29  Engineering Bay  
  115  8:30  Factory Tech Lab  
  115  8:32  Hellion x2, Cyclone  
  114  8:34  Terran Vehicle And Ship Armor Level 2  
  114  8:36  Terran Ship Weapons Level 1  
  114  8:48  Battlecruiser  
  120  8:54  Hellion x2  
  124  8:57  Missile Turret  
  124  8:59  Missile Turret  
  124  9:00  Missile Turret  
  124  9:03  Cyclone x2  
  124  9:04  Missile Turret  
  130  9:12  Cyclone  
  130  9:14  Supply Depot  
  130  9:15  Supply Depot  
  133  9:20  Hellion x2  
  137  9:24  Starport  
  137  9:25  Cyclone  
  137  9:29  Supply Depot  
  140  9:35  Cyclone  
  141  9:41  Hellion  
  141  9:44  Siege Tank  
  142  9:46  Command Center  
  142  9:50  Cyclone  
  145  9:53  SCV x3  
  145  9:57  Cyclone  
  145  9:58  Refinery  
  145  9:59  Sensor Tower  
  151  10:00  Missile Turret  
  151  10:02  Refinery  
  151  10:05  SCV x2  
  153  10:12  Hellion x2  
  153  10:13  Battlecruiser  
  163  10:15  Starport Tech Lab  
  163  10:17  SCV  
  163  10:18  SCV  
  165  10:22  SCV  
  165  10:27  Planetary Fortress  
  166  10:34  Hellion x2, Sensor Tower  
  170  10:38  Cyclone x2  
  170  10:51  Cyclone x2  
  170  10:55  Hellion x2  
  178  10:59  Missile Turret  
  178  11:00  Command Center, Missile Turret  
  178  11:06  Terran Vehicle And Ship Armor Level 3  
  178  11:08  Terran Ship Weapons Level 2  
  178  11:16  SCV x3  
  178  11:17  Hellion x2  
  178  11:18  Missile Turret  
  191  11:25  Battlecruiser  
  191  11:29  Refinery  
  191  11:31  Refinery  
  191  11:37  Battlecruiser  
  191  11:39  Command Center  
  199  11:49  Planetary Fortress  
  199  11:51  SCV  
  198  11:54  SCV x2  
  198  12:04  Missile Turret  
  198  12:06  Missile Turret, Sensor Tower  
  198  12:07  Starport  
  198  12:08  Starport  
  198  12:14  Command Center  
  198  12:16  Command Center  
  198  12:27  Factory, Drilling Claws  
  198  12:30  Factory  
  198  12:41  Orbital Command  
  198  12:47  Starport Tech Lab x2  
  198  12:58  Missile Turret  
  198  13:00  Missile Turret  
  198  13:09  Missile Turret  
  198  13:11  Missile Turret  
  192  13:28  Battlecruiser x2  
  200  13:34  Battlecruiser  
  200  13:42  Orbital Command  
  200  13:49  Planetary Fortress  
  200  13:52  Missile Turret  
  200  13:54  Command Center, Missile Turret x2, Sensor Tower  
  200  13:55  Missile Turret, Cyclone  
  199  13:56  Terran Ship Weapons Level 3  
  199  13:57  Terran Vehicle Weapons Level 1  
  199  13:59  Battlecruiser  
  199  14:05  Missile Turret  
  199  14:09  Missile Turret  
  199  14:15  Command Center  
  199  14:20  Refinery  
  199  14:21  Refinery  
  199  14:29  Orbital Command  
  196  15:06  Cyclone  
  193  15:08  Cyclone  
  193  15:09  Cyclone x2  
  193  15:10  Battlecruiser x2  
  193  15:11  Battlecruiser x2  
  185  15:18  Hellion x2  
  180  15:30  Orbital Command  
  186  15:51  Siege Tank x4  
  186  15:52  Hellion x2  
  182  16:15  Battlecruiser x3  
  192  16:22  Battlecruiser  
  198  16:28  Command Center  
  198  16:29  Command Center  
  198  16:33  Command Center  
  198  17:06  Orbital Command  
  198  17:19  Missile Turret  
  198  17:20  Missile Turret  
  198  17:23  Command Center  
  198  17:25  Missile Turret  
  198  17:27  Command Center, Missile Turret  
  198  17:28  Command Center x2  
Tags
 
Add a new tag
Caveats
  • Supply blocks, unpowered buildings, or Contaminate may cause inaccurate times.
  • Supply counts are checked every 10 seconds.